 Dungeon Crawl Stone Soup version 0.29.1-2-gbd0b4ee654 (webtiles) character file.

Game seed: 5253446289574030500

12488 Icepheonix32 the Cleaver (level 11, -7/104 HPs)
             Began as a Minotaur Fighter on Oct 26, 2022.
             Was a Believer of Okawaru.
             Mangled by a komodo dragon (27 damage)
             ... on level 11 of the Dungeon.
             The game lasted 00:18:51 (12780 turns).

Icepheonix32 the Cleaver (Minotaur Fighter)        Turns: 12780, Time: 00:18:51

Health: -7/104     AC: 11    Str: 27    XL:     11   Next: 63%
Magic:  8/8        EV: 12    Int:  5    God:    Okawaru [**....]
Gold:   444        SH:  6    Dex: 18    Spells: 10/10 levels left

rFire   . . .      SeeInvis .   e - +5 hand axe
rCold   . . .      Faith    .   c - +0 buckler
rNeg    . . .      Spirit   .   b - +1 scale mail
rPois   .          Reflect  .   (helmet restricted)
rElec   .          Harm     .   (no cloak)
rCorr   .          Rampage  .   V - +0 pair of gloves
Will    .....                   (no boots)
Stlth   +.........              (no amulet)
HPRegen 0.27/turn               u - +6 ring of strength
MPRegen 0.11/turn               w - +6 ring of dexterity

@: no status effects
A: horns 2, retaliatory headbutt, dopey 1, low MP 1
a: Renounce Religion, Heroism


You were on level 11 of the Dungeon.
You worshipped Okawaru.
Okawaru was pleased with you.
You visited 2 branches of the dungeon, and saw 12 of its levels.

You collected 599 gold pieces.
You spent 155 gold pieces at shops.

Inventory:

Hand Weapons
 e - a +5 hand axe (weapon)
 s - a +1 war axe of freezing
 J - a +2 hand axe of flaming
 K - a +3 hand axe of holy wrath
 M - a +2 long sword of distortion
 Q - a +0 war axe of draining
 R - a +3 trident of distortion
Missiles
 l - 17 boomerangs (quivered)
 t - 4 javelins
 G - 2 curare-tipped darts
 P - 4 boomerangs of dispersal
Armour
 b - a +1 scale mail (worn)
 c - a +0 buckler (worn)
 f - a +0 chain mail
 H - +0 steam dragon scales
 N - a +1 plate armour
 O - +0 steam dragon scales
 V - a +0 pair of gloves (worn)
Jewellery
 a - a ring of protection from fire
 i - an amulet of magic regeneration
 u - a +6 ring of strength (left hand)
 w - a +6 ring of dexterity (right hand)
 A - a +6 ring of dexterity
 L - a ring of see invisible
 W - a ring of ice
Wands
 o - a wand of iceblast (6)
 z - a wand of paralysis (10)
 B - a wand of polymorph (9)
 D - a wand of light (7)
 U - a wand of flame (24)
Scrolls
 j - 3 scrolls of amnesia
 v - a scroll of blinking
 x - 2 scrolls of teleportation
 y - a scroll of enchant armour
 C - a scroll of identify
 F - 2 scrolls of immolation
 I - 2 scrolls of magic mapping
 S - 3 scrolls of poison
Potions
 d - a potion of might
 g - 2 potions of invisibility
 h - a potion of berserk rage {unknown}
 k - a potion of cancellation
 m - a potion of resistance
 n - 6 potions of curing
 p - 2 potions of haste
 q - a potion of attraction
 r - a potion of lignification
 E - 2 potions of ambrosia
 T - a potion of magic {unknown}
 Y - a potion of brilliance
Miscellaneous
 X - a phial of floods


   Skills:
 * Level 12.3 Fighting
 - Level 1.0 Short Blades
 + Level 13.2 Axes
 + Level 1.8 Throwing
 + Level 10.4 Armour
 + Level 4.5 Dodging
 + Level 2.2 Stealth
 + Level 7.9 Shields
 + Level 0.9 Evocations


You had 10 spell levels left.
You didn't know any spells.
Your spell library contained the following spells:

 Spells                   Type           Power      Damage    Failure   Level
 Beastly Appendage        Tmut           0%         N/A       78%         1
 Necrotise                Necr           0%         1d4       78%         1
 Blink                    Tloc           0%         N/A       89%         2
 Ensorcelled Hibernation  Hex/Ice        0%         N/A       89%         2
 Passwall                 Tmut/Erth      0%         N/A       89%         2
 Static Discharge         Conj/Air       0%         3-3/arc   89%         2
 Wereblood                Tmut           0%         N/A       89%         2
 Dazzling Flash           Conj/Hex       0%         N/A       98%         3
 Spider Form              Tmut/Pois      0%         N/A       98%         3
 Swiftness                Air            0%         N/A       98%         3
 Vampiric Draining        Necr           0%         2d6       98%         3
 Anguish                  Hex/Necr       0%         N/A       100%        4
 Dispel Undead            Necr           0%         3d6       100%        4
 Sticky Flame             Conj/Fire      0%         2d3       100%        4
 Agony                    Necr           0%         N/A       100%        5
 Manifold Assault         Tloc           0%         N/A       100%        5
 Silence                  Hex/Air        0%         N/A       100%        5
 Enfeeble                 Hex            0%         N/A       100%        7
 Storm Form               Tmut/Air       0%         N/A       100%        7
 Summon Ice Beast         Ice/Summ       Unusable   N/A       N/A         4
 Summon Mana Viper        Hex/Summ       Unusable   N/A       N/A         5
 Monstrous Menagerie      Summ           Unusable   N/A       N/A         7

Dungeon Overview and Level Annotations

Branches:
Dungeon (11/15)            Temple (1/1) D:4            Lair (0/5) D:9
    Orc: D:9-12

Altars:
Ashenzari
Cheibriados
Dithmenos
Elyvilon
Fedhas
Gozag
Hepliaklqana
Kikubaaqudgha
Makhleb
Nemelex Xobeh
Okawaru
Qazlal
Ru
Sif Muna
Trog
Uskayaw
Vehumet
Wu Jian
Xom
Yredelemnul
Zin
The Shining One

Shops:
D:2 (   D:5 !

Portals:
Abyss: D:7


Innate Abilities, Weirdness & Mutations

You have a pair of horns on your head.
You reflexively headbutt those who attack you in melee.
You are dopey. (Int -2)
Your magical capacity is low. (-10% MP)


Message History

Magic restored.
A komodo dragon is nearby!
A komodo dragon is nearby!
Found a quarterstaff.
The komodo dragon hisses angrily.
You slash the komodo dragon!
The komodo dragon is moderately wounded.
The komodo dragon bites you!!
You slash the komodo dragon!
The komodo dragon is heavily wounded.
You closely miss the komodo dragon.
You headbutt the komodo dragon, but do no damage.
The komodo dragon is heavily wounded.
You block the komodo dragon's attack.
You hit the komodo dragon but do no damage.
You headbutt the komodo dragon.
The komodo dragon is severely wounded.
The komodo dragon bites you!!
You are too injured to fight recklessly!
You are too injured to fight recklessly!
You are too injured to fight recklessly!
You are too injured to fight recklessly!
You are too injured to fight recklessly!
You are too injured to fight recklessly!
You are too injured to fight recklessly!
You are too injured to fight recklessly!
You are too injured to fight recklessly!
You are too injured to fight recklessly!
You are too injured to fight recklessly!
You hit the komodo dragon. You headbutt the komodo dragon.
The komodo dragon is almost dead.
You closely miss the komodo dragon. Your headbutt misses the komodo dragon.
The komodo dragon is almost dead.
The komodo dragon bites you!!
* * * LOW HITPOINT WARNING * * *
Okawaru will no longer gift you throwing weapons.
You hit the komodo dragon but do no damage.
The komodo dragon is almost dead.
The komodo dragon bites you!!
You die...

########.....#
#......## #
#####.##
#.......# #..#
##.....##
##.## ##.(.##
#...# #####
##.).##
##.....#
#......##
#......@#
#.......l.#
#.......##.#
#.....### #.
.....# ..
)...# ... .##
... ....


You could see a komodo dragon.

Vanquished Creatures
  Erica (D:11)
  A death knight (D:11)
  The ghost of NickelLess the Thaumaturge, a novice DECj of Vehumet (D:7)
  A cyclops (D:11)
  A manticore (D:11)
  An ugly thing (D:11)
  Joseph (D:7)
  An unseen horror (D:10)
  3 trolls
  A hornet (D:7)
  A vampire (D:11)
  11 yaks
  2 shadows
  A wyvern (D:11)
  5 steam dragons
  7 vampire mosquitoes (D:11)
  2 small abominations (D:7)
  Edmund (D:6)
  2 water moccasins
  5 orc warriors
  A black bear (D:9)
  2 ice beasts (D:7)
  3 ogres
  8 centaurs
  A phantom (D:5)
  3 kobold brigands
  3 scorpions
  2 bullfrogs (D:9)
  3 necrophages
  10 wights
  3 howler monkeys
  4 jellies
  An iron imp (D:7)
  2 gnoll boudas
  5 hounds
  3 orc priests
  5 iguanas
  10 orc wizards
  14 gnolls
  10 adders
  An ufetubus (D:6)
  37 orcs
  9 ball pythons
  5 endoplasms
  3 giant cockroaches
  14 goblins
  5 hobgoblins
  4 jackals (D:4)
  2 quokkas (D:3)
  2 bats
  A frilled lizard (D:1)
  17 kobolds
  4 rats (D:3)
246 creatures vanquished.

Vanquished Creatures (others)
  An orc (D:10)
  7 fungi (D:9)
  14 plants (D:9)
22 creatures vanquished.

Grand Total: 268 creatures vanquished

Notes
Turn   | Place    | Note
-------+----------+-------------------------------------------
     0 | D:1      | Icepheonix32 the Minotaur Fighter began the quest for the
                  | Orb.
     0 | D:1      | Reached XP level 1. HP: 19/19 MP: 0/0
   350 | D:1      | Reached XP level 2. HP: 27/27 MP: 1/1
  1156 | D:2      | Reached XP level 3. HP: 24/34 MP: 2/2
  1544 | D:2      | Found Demak's Antique Weapon Emporium.
  1875 | D:2      | Found a faded altar of an unknown god.
  2031 | D:3      | Reached skill level 1 in Short Blades
  2305 | D:3      | Reached skill level 3 in Axes
  2305 | D:3      | Reached XP level 4. HP: 23/41 MP: 3/3
  2546 | D:2      | Bought a runed war axe for 110 gold pieces
  2699 | D:4      | Reached skill level 1 in Dodging
  2705 | D:4      | Found a staircase to the Ecumenical Temple.
  2718 | Temple   | Entered the Ecumenical Temple
  3553 | D:4      | Reached XP level 5. HP: 47/47 MP: 4/4
  3770 | D:5      | Entered Level 5 of the Dungeon
  3776 | D:5      | Noticed a water moccasin
  3783 | D:5      | Killed a water moccasin
  3784 | D:5      | Reached skill level 5 in Fighting
  3784 | D:5      | Reached skill level 4 in Axes
  3784 | D:5      | Reached skill level 5 in Armour
  3789 | D:5      | Reached XP level 6. HP: 51/56 MP: 5/5
  3961 | D:5      | Reached skill level 5 in Axes
  4246 | D:5      | Reached XP level 7. HP: 63/63 MP: 6/6
  4246 | D:5      | Found Ijeon's Distillery.
  4260 | D:5      | Bought a potion of curing for 45 gold pieces
  4288 | D:5      | Reached skill level 6 in Axes
  4800 | D:6      | Reached skill level 7 in Axes
  4810 | D:6      | Reached XP level 8. HP: 63/73 MP: 7/7
  5312 | D:6      | Found a bloodstained altar of Trog.
  5335 | D:6      | Reached skill level 8 in Axes
  5464 | D:6      | Noticed Edmund
  5473 | D:6      | Killed Edmund
  5914 | D:7      | Reached skill level 5 in Shields
  5914 | D:7      | Noticed Joseph
  5925 | D:7      | Killed Joseph
  5926 | D:7      | Reached skill level 9 in Axes
  5926 | D:7      | Reached XP level 9. HP: 22/82 MP: 8/8
  6193 | D:7      | Found a transporter.
  6204 | D:7      | Found a transporter.
  6207 | D:7      | Found a one-way gate to the infinite horrors of the Abyss.
  6207 | D:7      | Noticed NickelLess's ghost (novice DECj)
  6314 | D:7      | Reached skill level 1 in Throwing
  6798 | D:7      | Reached skill level 10 in Axes
  7206 | D:7      | Killed NickelLess's ghost
  7207 | D:7      | Reached skill level 1 in Stealth
  7280 | D:7      | Gained mutation: Your magical capacity is low. (-10% MP)
                  | [potion of mutation]
  7280 | D:7      | Gained mutation: You are dopey. (Int -2) [potion of
                  | mutation]
  7911 | D:8      | Reached XP level 10. HP: 80/93 MP: 8/8
  8843 | D:9      | Reached skill level 10 in Fighting
  8845 | D:9      | Reached skill level 11 in Axes
  9268 | D:9      | Found a staircase to the Lair.
  9960 | D:10     | Entered Level 10 of the Dungeon
  9985 | D:9      | Reached skill level 12 in Axes
 10369 | D:10     | Found an iron altar of Okawaru.
 10395 | D:10     | Became a worshipper of Warmaster Okawaru
 10532 | D:10     | Reached XP level 11. HP: 86/102 MP: 8/8
 10651 | D:10     | Reached * piety under Okawaru
 11646 | D:11     | Noticed a brown ugly thing
 11654 | D:11     | Killed a brown ugly thing
 11753 | D:11     | Noticed a death knight
 11765 | D:11     | Killed a death knight
 11765 | D:11     | Reached ** piety under Okawaru
 11766 | D:11     | Reached skill level 10 in Armour
 11888 | D:11     | Reached skill level 13 in Axes
 12662 | D:11     | Noticed Erica
 12678 | D:11     | Killed Erica
 12678 | D:11     | Reached *** piety under Okawaru
 12780 | D:11     | Mangled by a komodo dragon

Illustrated notes

Levels and vault maps discovered:
D:1:      dpeg_arrival_lava_altar, layout_basic
D:2:      kennysheep_the_goblin_king, layout_loops_ring,
          chequers_ecumenical_altar_grove, serial_shops,
          nicolae_shop_behind_doors
D:3:      layout_rooms
D:4:      layout_loops_ring, minmay_temple_entry_hall
D:5:      minmay_spotlight, layout_basic, serial_shops, nicolae_shop_stone
D:6:      layout_loops_corners, kennysheep_little_box, uniq_edmund
D:7:      layout_rooms, gammafunk_ghost_abyssal_escape, uniq_joseph
D:8:      layout_gridville
D:9:      layout_loops_ring, grunt_lair_entry_orc_guard_hut
D:10:     wander_river, layout_cave_pods, okawaru_ov_weapons_minmay
D:11:     minmay_octagon_keep, layout_cave_pods, kennysheep_generic_room_5,
          uniq_erica, uniq_sonja, uniq_fannar
Temple:   mainiacjoe_temple_big_plus

Skill      XL: |  1  2  3  4  5  6  7  8  9 10 11 |
---------------+----------------------------------+-----
Fighting       | 4 5 6 7 8 9 11 12 | 12.3
Armour         | 4 5 7 8 9 10 | 10.4
Short Blades   | 1 |  1.0
Shields        | 4 5 7 |  7.9
Axes           | 3 4 5 7 9 10 12 13 | 13.2
Dodging        | 1 2 3 4 |  4.5
Throwing       | 1 |  1.8
Stealth        | 1 2 |  2.2
Evocations     | |  0.9

Action                   |  1- 3 |  4- 6 |  7- 9 | 10-12 || total
-------------------------+-------+-------+-------+-------++-------
Melee: War axe           |    25 |    63 |   155 |   116 ||   359
       Short sword       |    79 |       |       |       ||    79
       Headbutt          |     9 |     3 |    33 |    71 ||   116
       Hand axe          |       |       |    34 |   146 ||   180
Throw: Boomerang         |     1 |       |    11 |       ||    12
       Javelin           |       |       |     4 |       ||     4
       Dart              |       |       |       |     1 ||     1
Invok: Heroism           |       |       |       |     1 ||     1
Evoke: Wand              |       |       |     2 |     4 ||     6
  Use: Scroll            |       |     9 |     6 |     5 ||    20
       Potion            |       |     1 |     9 |     2 ||    12
 Stab: Invisible         |       |       |     4 |       ||     4
Armor: Scale mail        |    37 |    14 |    47 |    86 ||   184
       Skin              |       |     4 |       |       ||     4
Dodge: Dodged            |    39 |    25 |    89 |   130 ||   283
Block: Buckler           |    22 |    17 |    37 |    78 ||   154
